 Dungeon Crawl Stone Soup version 0.27.1-34-g3ba077fa99 (webtiles) character file.

Game seed: 3716897579050431260

758 Fek the Cudgeller (level 7, -1/44 HPs)
             Began as a Gargoyle Berserker on Jan 24, 2022.
             Was a Priest of Trog.
             Slain by a wraith (9 damage)
             ... on level 5 of the Dungeon.
             The game lasted 00:05:51 (5028 turns).

Fek the Cudgeller (Gargoyle Berserker)              Turns: 5028, Time: 00:05:52

Health: -1/44      AC: 15    Str: 22    XL:     7   Next: 80%
Magic:  7/7        EV:  8    Int:  7    God:    Trog [***...]
Gold:   94         SH:  0    Dex: 10    Spells: 6/6 levels left

rFire    . . .     SeeInvis .   a - +0 mace
rCold    . . .     Faith    .   (no shield)
rNeg     + . .     Spirit   .   c - +0 chain mail
rPois    ∞         Reflect  .   (no helmet)
rElec    +         Harm     .   (no cloak)
rCorr    .         Rampage  .   (no gloves)
Will     .....                  l - +0 pair of boots
Stlth    ..........             p - amulet of the acrobat
HPRegen  0.14/turn              (no ring)
MPRegen  0.10/turn              (no ring)

@: on berserk cooldown, slowed, very slow
A: sickness immunity, AC +4, negative energy resistance 1, electricity
resistance, torment resistance 1, petrification resistance
a: Renounce Religion, Berserk, Trog's Hand


You were on level 5 of the Dungeon.
You worshipped Trog.
Trog was most pleased with you.
You visited 1 branch of the dungeon, and saw 5 of its levels.

You collected 94 gold pieces.

Inventory:

Hand Weapons
 a - a +0 mace (weapon)
Armour
 c - a +0 chain mail (worn)
 l - a +0 pair of boots (worn)
Jewellery
 p - an amulet of the acrobat (around neck)
 r - a +6 ring of strength
Wands
 v - a wand of flame (16)
Scrolls
 b - a scroll of fog {unknown}
 d - 2 scrolls of blinking {unknown}
 e - a scroll of noise {unknown}
 h - a scroll of enchant weapon {unknown}
 j - 2 scrolls of teleportation {unknown}
 m - a scroll of vulnerability {unknown}
 s - a scroll of magic mapping {unknown}
Potions
 f - 3 potions of curing {unknown}
 g - a potion of resistance {unknown}
 i - a potion of attraction {unknown}
 k - a potion of mutation {unknown}
 n - a potion of berserk rage {unknown}
 o - a potion of magic {unknown}
 q - a potion of heal wounds {unknown}
 t - a potion of might {unknown}
 u - a potion of brilliance {unknown}


   Skills:
 * Level 5.0 Fighting
 * Level 6.4 Maces & Flails
 * Level 4.9 Armour
 + Level 1.9 Dodging
 * Level 2.8 Stealth


You had 6 spell levels left.
You didn't know any spells.
Your spell library was empty.

Dungeon Overview and Level Annotations

Branches:
Dungeon (5/15)
 Temple: D:4-7

Altars:


Innate Abilities, Weirdness & Mutations

You are immune to sickness and miasma.
Your stone body is resilient. (AC +4)
You are immune to poison.
You resist negative energy. (rN+)
You are resistant to electric shocks. (rElec)
You are resistant to unholy torment.
You are immune to petrification.


Message History

The wraith hits you. The wraith drains your vigour!
You feel as though you will be slow longer.
You sock the wraith!
The wraith is almost destroyed.
The wraith hits you but does no damage.
You hit the wraith but do no damage.
The wraith is almost destroyed.
The wraith closely misses you.
You hit the wraith but do no damage.
The wraith is almost destroyed.
The wraith barely misses you.
You hit the wraith.
The wraith is almost destroyed.
The wraith hits you. The wraith drains your vigour!
You feel as though you will be slow longer.
You hit the wraith but do no damage.
The wraith is almost destroyed.
You are no longer berserk.
You are exhausted.
You feel as though you will be slow longer.
The wraith hits you. The wraith drains your vigour!
You feel as though you will be slow longer.
The wraith hits you. The wraith drains your vigour!
You feel as though you will be slow longer.
You hit the wraith but do no damage.
The wraith is almost destroyed.
The wraith hits you! The wraith drains your vigour!
You feel as though you will be slow longer.
You closely miss the wraith.
The wraith is almost destroyed.
The wraith hits you!
* * * LOW HITPOINT WARNING * * *
The wraith barely misses you.
Your chain mail prevents you from hitting the wraith.
The wraith is almost destroyed.
The wraith barely misses you.
Your chain mail prevents you from hitting the wraith.
The wraith is almost destroyed.
The wraith hits you!
You die...

#.##.#.#.....# #.# #.# #
#....###.#.# #.###.#
..........#.# #.....#
###....#####.# #.#####
##.#.#####.####.....#
...............###.#
#.####..###..# #.# #.#
#..# #..###.# #@# #..#
##....). #W# #..#
####### ...####.# #..#
....W...# #..# ###
...####.####..###.######
#..........#......
#.####..###.######
#.####..# ###
#.#####.......#


You could see a wraith.

Vanquished Creatures
  A sky beast (D:5)
  An ogre (D:5)
  A necrophage (D:5)
  A phantom (D:4)
  A jelly (D:4)
  2 centaur skeletons
  Terence (D:2)
  Jessica (D:3)
  An iguana (D:4)
  2 orc wizards
  Robin (D:2)
  A howler monkey skeleton (D:5)
  8 adders
  3 gnolls (D:2)
  3 worms
  10 orcs
  4 ball pythons
  16 goblins
  5 hobgoblins
  4 quokkas
  5 bats
  2 frilled lizards
  5 kobolds
  A rat (D:1)
80 creatures vanquished.

Notes
Turn   | Place    | Note
-------+----------+-------------------------------------------
     0 | D:1      | Fek the Gargoyle Berserker began the quest for the Orb.
     0 | D:1      | Reached XP level 1. HP: 14/14 MP: 1/1
   641 | D:1      | Reached XP level 2. HP: 19/19 MP: 2/2
  1161 | D:2      | Reached XP level 3. HP: 15/23 MP: 3/3
  1469 | D:2      | Reached XP level 4. HP: 23/29 MP: 4/4
  1661 | D:2      | Reached skill level 4 in Maces & Flails
  1781 | D:2      | Reached skill level 1 in Stealth
  1953 | D:2      | Found a faded altar of an unknown god.
  1965 | D:2      | Reached ** piety under Trog
  1966 | D:2      | Reached XP level 5. HP: 32/33 MP: 5/5
  1986 | D:2      | Noticed Terence
  2008 | D:2      | Killed Terence
  2061 | D:3      | Noticed Robin
  2079 | D:2      | Killed Robin
  2854 | D:3      | Noticed Jessica
  2859 | D:3      | Killed Jessica
  2860 | D:3      | Reached skill level 5 in Maces & Flails
  3230 | D:4      | Reached XP level 6. HP: 21/38 MP: 6/6
  4341 | D:4      | Reached XP level 7. HP: 41/44 MP: 7/7
  4443 | D:5      | Entered Level 5 of the Dungeon
  4526 | D:5      | Reached *** piety under Trog
  4711 | D:5      | Reached skill level 6 in Maces & Flails
  4887 | D:5      | Reached skill level 5 in Fighting
  5008 | D:5      | Noticed a wraith
  5028 | D:5      | Slain by a wraith

Illustrated notes

Levels and vault maps discovered:
D:1:      amcnicky_arrival_blooded_trapdoor, layout_basic,
          roderic_serpentine_path
D:2:      layout_basic, shapermc_ecumenical_altar_starsandcircs, uniq_terence
D:3:      layout_loops_ring, uniq_jessica, uniq_robin
D:4:      layout_loops_ring, supply_closet_lemuel, serial_park_tiny_1
D:5:      layout_loops_ring, ebering_ghost_disaster_area, minmay_misc_feat_cross

Skill      XL: |  1  2  3  4  5  6  7 |
---------------+----------------------+-----
Armour         | 3 4 |  4.9
Maces & Flails | 4 5 6 |  6.4
Stealth        | 1 2 |  2.8
Fighting       | 4 5 |  5.0
Dodging        | |  1.9

Action                   |  1- 3 |  4- 6 |  7- 9 || total
-------------------------+-------+-------+-------++-------
Melee: Mace              |    90 |   169 |    78 ||   337
Invok: Berserk           |     3 |     4 |     2 ||     9
Armor: Chain mail        |    74 |   126 |    31 ||   231
Dodge: Dodged            |    54 |   103 |    32 ||   189
